 Dungeon Crawl Stone Soup version 0.23.1-37-gaa34b87 (webtiles) character file.

Game seed: 8338079438895639253

487 Borgoz the Ruffian (level 7, 0/59 HPs)
             Began as a Ghoul Monk on Mar 21, 2019.
             Slain by Pikel
             ... wielding a +2 whip of flaming
              (2 damage)
             ... on level 4 of the Dungeon.
             The game lasted 00:05:32 (2647 turns).

Borgoz the Ruffian (Ghoul Monk)                     Turns: 2647, Time: 00:05:32

Health: 0/59       AC:  9    Str: 15    XL:     7   Next: 13%
Magic:  8/8        EV: 12    Int:  7    God:
Gold:   124        SH:  0    Dex: 11    Spells: 8/9 levels left

rFire    . . .     SeeInvis .   s - +0 dagger (venom)
rCold    + . .     Gourm    .   (no shield)
rNeg     + + +     Faith    .   c - +2 ring mail {MR+}
rPois    ∞         Spirit   .   g - +2 hat {MR+}
rElec    .         Reflect  .   (no cloak)
rCorr    .         Harm     .   (no gloves)
MR       ++...                  (no boots)
Stlth    +.........             (no amulet)
HPRegen  0.00/turn              (no ring)
MPRegen  0.11/turn              (no ring)

@: rotting
A: rotting body, claws 1, carnivore, cold resistance 1, negative energy
resistance 3, inhibited regeneration, torment resistance, unbreathing
a: no special abilities


You were on level 4 of the Dungeon.
You were not hungry.

You visited 1 branch of the dungeon, and saw 4 of its levels.

You collected 124 gold pieces.

Inventory:

Hand Weapons
 e - a +1 dagger of flaming
 r - a +1 dagger of freezing
 s - a +0 dagger of venom (weapon)
 u - a +0 giant club
Armour
 c - a +2 ring mail of magic resistance (worn)
 g - a +2 hat of magic resistance (worn)
Scrolls
 a - a scroll of remove curse {unknown}
 d - 2 scrolls of immolation {unknown}
 h - a scroll of teleportation {unknown}
 k - a scroll of noise {unknown}
 l - 3 scrolls of fear {unknown}
 n - 2 scrolls of identify {unknown}
 o - a scroll of enchant armour {unknown}
 p - a scroll of enchant weapon {unknown}
Potions
 j - a potion of lignification {unknown}
 m - a potion of brilliance {unknown}
 q - a potion of berserk rage {unknown}
 t - a potion of heal wounds {unknown}
Comestibles
 b - 7 rations
 f - 12 chunks of flesh


   Skills:
 + Level 4.1 Fighting
 * Level 1.7 Short Blades
 * Level 2.3 Armour
 * Level 4.1 Dodging
 + Level 2.5 Stealth
 - Level 4.5 Unarmed Combat
 * Level 1.6 Spellcasting
 * Level 1.7 Hexes


You had 8 spell levels left.
You knew the following spells:

 Your Spells              Type           Power        Failure   Level  Hunger
a - Confusing Touch       Hex            #.....       36%         1    ##.....

Your spell library contained the following spells:

 Spells                   Type           Power        Failure   Level  Hunger
 Confuse                  Hex            #.......     75%         3    ####...
 Gell's Gravitas          Tloc           #.........   93%         3    ####...
 Petrify                  Tmut/Erth      #.......     100%        4    #####..
 Metabolic Englaciation   Hex/Ice        #.........   100%        5    ######.
 Yara's Violent Unravell  Hex/Tmut       #.........   100%        5    ######.


Dungeon Overview and Level Annotations

Branches:
Dungeon (4/15)
 Temple: D:4-7

Altars:
Gozag
Hepliaklqana
Okawaru

Annotations:
D:4 Pikel


Innate Abilities, Weirdness & Mutations

Your body is rotting away.
You thrive on raw meat.
You are immune to poison.
You have sharp fingernails.
You are carnivorous and can eat meat at any time.
Your flesh is cold resistant. (rC+)
You are immune to negative energy. (rN+++)
You do not regenerate when monsters are visible.
You are immune to unholy pain and torment.
You can survive without breathing.


Message History

Pikel hits you with a +2 whip of flaming.
Pikel burns you. The slave hits you! The slave hits you but does no damage.
You are too injured to fight recklessly!
You are too injured to fight recklessly!
You are too injured to fight recklessly!
You closely miss Pikel.
Pikel is moderately wounded.
Pikel hits you with a +2 whip of flaming.
* * * LOW HITPOINT WARNING * * *
Pikel burns you.
* * * LOW HITPOINT WARNING * * *
The slave hits you.
* * * LOW HITPOINT WARNING * * *
The slave hits you.
* * * LOW HITPOINT WARNING * * *
You feel better.
Pikel hits you with a +2 whip of flaming!
* * * LOW HITPOINT WARNING * * *
Pikel burns you.
You die...

...#. .... #.#
...#######.###
.............
...#.......####
...#........>.
...#........#
...#........#######.#.##
...###........$K@pp.....
................p##.###.
.#########.##.####
...#.......##.#
...........##.#
##..........#..
###............
........##..#.#.
####[##....##..


You could see Pikel and 3 slaves.

Vanquished Creatures
  2 ogres (D:4)
  A scorpion (D:4)
  An orc priest (D:4)
  2 iguanas
  4 orc wizards (D:4)
  An adder (D:3)
  An ooze (D:1)
  2 worms (D:3)
  3 dart slugs
  2 leopard geckos
  10 orcs
  A ball python (D:3)
  4 giant cockroaches
  7 goblins
  8 hobgoblins
  A quokka (D:2)
  4 bats
  2 frilled lizards
  10 kobolds
  2 rats (D:1)
68 creatures vanquished.

Notes
Turn   | Place    | Note
-------+----------+-------------------------------------------
     0 | D:1      | Borgoz the Ghoul Monk began the quest for the Orb.
     0 | D:1      | Reached XP level 1. HP: 19/19 MP: 0/0
   191 | D:1      | Reached XP level 2. HP: 24/26 MP: 1/1
   475 | D:1      | Reached XP level 3. HP: 33/33 MP: 2/2
  1172 | D:2      | Found a hazy altar of Hepliaklqana.
  1174 | D:2      | Found an opulent altar of Gozag.
  1294 | D:3      | Reached XP level 4. HP: 38/40 MP: 3/3
  1386 | D:3      | Found an iron altar of Okawaru.
  1394 | D:3      | Reached skill level 1 in Armour
  1505 | D:3      | Found a faded altar of an unknown god.
  1523 | D:3      | Learned a level 1 spell: Confusing Touch
  2080 | D:4      | Reached XP level 5. HP: 23/46 MP: 4/4
  2108 | D:3      | Reached skill level 1 in Hexes
  2308 | D:4      | Reached skill level 1 in Spellcasting
  2352 | D:4      | Reached XP level 6. HP: 34/52 MP: 4/6
  2368 | D:4      | Reached skill level 1 in Short Blades
  2595 | D:4      | Reached XP level 7. HP: 40/59 MP: 6/8
  2631 | D:4      | Noticed Pikel
  2647 | D:4      | HP: 2/59 [Pikel/+2 whip of flaming (7)]
  2647 | D:4      | Slain by Pikel

Skill      XL: |  1  2  3  4  5  6 |
---------------+-------------------+-----
Unarmed Combat | 4 |  4.5
Dodging        | 3 4 |  4.1
Armour         | 1 2 |  2.3
Hexes          | 1 |  1.7
Spellcasting   | 1 |  1.6
Short Blades   | 1 |  1.7
Fighting       | 4 |  4.1
Stealth        | |  2.5

Action                   |  1- 3 |  4- 6 |  7- 9 || total
-------------------------+-------+-------+-------++-------
Melee: Unarmed           |   119 |    11 |       ||   130
       Dagger            |       |   115 |    12 ||   127
       Punch             |       |     3 |     1 ||     4
 Cast: Confusing Touch   |       |     2 |     1 ||     3
  Use: Potion            |       |     2 |     1 ||     3
 Stab: Sleeping          |     1 |       |       ||     1
       Confused          |       |     3 |     1 ||     4
  Eat: Chunk             |     4 |    15 |       ||    19
Armor: Ring mail         |    39 |    45 |     3 ||    87
Dodge: Dodged            |    74 |    70 |     9 ||   153
